 Dungeon Crawl Stone Soup version 0.29.0-4-gdea44cf6ec (webtiles) character file.

Game seed: 11339992477900147869

55 qw the Ruffian (level 3, 0/28 HPs)
             Began as a Ghoul Fire Elementalist on Aug 29, 2022.
             Slain by a goblin
             ... wielding a +0 dagger
             ... led by Robin
              (1 damage)
             ... on level 2 of the Dungeon.
             The game lasted 00:01:35 (1805 turns).

qw the Ruffian (Ghoul Fire Elementalist)            Turns: 1805, Time: 00:01:35

Health: 0/28       AC:  9    Str: 13    XL:     3   Next: 93%
Magic:  4/4        EV:  6    Int: 10    God:
Gold:   78         SH:  0    Dex:  9    Spells: 4/5 levels left

rFire   + . .      SeeInvis .     - Unarmed
rCold   + . .      Faith    .   (no shield)
rNeg    + + +      Spirit   .   g - +0 chain mail
rPois   inf        Reflect  .   e - +0 helmet
rElec   .          Harm     .   (no cloak)
rCorr   .          Rampage  .   (no gloves)
Will    .....                   (no boots)
Stlth   ..........              (no amulet)
HPRegen 0.00/turn               f - ring of protection from fire
MPRegen 0.09/turn               (no ring)

@: inhibited regen
A: claws 1, cold resistance 1, negative energy resistance 3, inhibited
regeneration, torment resistance 2, devour on kill
a: no special abilities


You were on level 2 of the Dungeon.
You visited 1 branch of the dungeon, and saw 2 of its levels.

You collected 78 gold pieces.


Innate Abilities, Weirdness & Mutations

You are immune to poison.
You have sharp fingernails.
Your flesh is cold resistant. (rC+)
You are immune to negative energy. (rN+++)
You do not regenerate when monsters are visible.
You are immune to unholy pain and torment.
You thrive by killing the living.


   Skills:
 - Level 1.2 Fighting
 - Level 1.0 Armour
 - Level 1.7 Dodging
 - Level 2.1 Stealth
 + Level 3.0 Unarmed Combat
 - Level 1.7 Spellcasting
 - Level 0.7 Conjurations
 - Level 2.4 Fire Magic


You had 4 spell levels left.
You knew the following spells:

 Your Spells              Type           Power      Damage    Failure   Level
a - Foxfire               Conj/Fire      16%        2x1d4     99%         1

Your spell library contained the following spells:

 Spells                   Type           Power      Damage    Failure   Level
 Scorch                   Fire           10%        2d5       99%         2
 Conjure Flame            Conj/Fire      4%         6-21      100%        3
 Inner Flame              Hex/Fire       3%         N/A       100%        3
 Flame Wave               Conj/Fire      4%         2d5       100%        4

Inventory:

Missiles
 c - 3 javelins (quivered)
Armour
 e - a +0 helmet (worn)
 g - a +0 chain mail (worn)
Jewellery
 f - a ring of protection from fire (left claw)
Scrolls
 a - a scroll of enchant armour {unknown}
 b - a scroll of amnesia {unknown}
 h - 2 scrolls of identify

Dungeon Overview and Level Annotations

Branches:
Dungeon (2/15)

Altars:
Fedhas

Annotations:
D:2 Robin


Message History

You feel better. Robin hits you but does no damage.
A goblin and 2 hobgoblins come into view.
The hobgoblin shouts!
The goblin shouts!
The hobgoblin shouts!
Robin throws the goblin at you! The goblin hits you but does no damage.
Things that are here:
a +0 dagger; a +0 dagger You barely miss Robin.
Robin points. "Kill!"
The goblin hits you with a +0 dagger.
You barely miss Robin.
Robin hits you with a +0 spear of freezing.
The hobgoblin hits you but does no damage.
The goblin hits you with a +0 dagger.
You barely miss Robin. Robin barely misses you.
The hobgoblin barely misses you. The goblin hits you with a +0 dagger.
You closely miss Robin. Robin hits you but does no damage.
The hobgoblin hits you. The goblin hits you with a +0 dagger.
You scratch Robin.
Robin is lightly wounded.
Robin hits you but does no damage. The hobgoblin hits you.
The goblin completely misses you.
You barely miss Robin. Your claw misses Robin.
Robin is lightly wounded.
Robin roars a battlecry!
The goblin goes into a battle-frenzy!
The hobgoblin hits you but does no damage.
The goblin closely misses you.
You scratch Robin.
Robin is moderately wounded.
Robin barely misses you.
The hobgoblin hits you but does no damage.
The goblin hits you with a +0 dagger.
You scratch Robin but do no damage. You claw Robin, but do no damage.
Robin is moderately wounded.
Robin hits you but does no damage. The hobgoblin closely misses you.
The goblin hits you with a +0 dagger.
You die...

#........%.........
###.#.#.###########.
..g......#
###.#.#..# ##...#.#
##.##.#######
#...g.......
####g###### #@#
..(.(ggg# #########


You could see Robin, 2 hobgoblins and 2 goblins.

Vanquished Creatures
  9 endoplasms
  A giant cockroach (D:1)
  7 goblins
  5 hobgoblins
  7 jackals
  5 kobolds (D:1)
  4 quokkas
  2 bats (D:1)
  2 frilled lizards
  3 rats
45 creatures vanquished.

Notes
Turn   | Place    | Note
-------+----------+-------------------------------------------
     0 | D:1      | qw the Ghoul Fire Elementalist began the quest for the Orb.
     0 | D:1      | Reached XP level 1. HP: 14/14 MP: 2/2
     0 | D:1      | 0 ||| qw: Version: 0.1-a-90-g952f4b7
     0 | D:1      | 0 ||| qw: Game counter: 4144
     0 | D:1      | 0 ||| qw: Always use a shield: true
     0 | D:1      | 0 ||| qw: God list: Okawaru
     0 | D:1      | 0 ||| qw: Allow faded altars: false
     0 | D:1      | 0 ||| qw: Do Orc after D:15 true
     0 | D:1      | 0 ||| qw: Do second Lair branch before Depths: true
     0 | D:1      | 0 ||| qw: Lair rune preference: random
     0 | D:1      | 0 ||| qw: Plans: Normal
     0 | D:1      | 0 ||| PLANNING D:1-11
    38 | D:1      | HP: 2/14 [hobgoblin (4)]
   327 | D:1      | 327 ||| Stepping ~*~*~tactically~*~*~ (stealth).
   334 | D:1      | Reached skill level 1 in Unarmed Combat
   343 | D:1      | Reached skill level 1 in Fighting
   343 | D:1      | Reached XP level 2. HP: 7/23 MP: 3/3
   344 | D:1      | HP: 5/23 [quokka (2)]
   673 | D:1      | 673 ||| Stepping ~*~*~tactically~*~*~ (stealth).
   701 | D:1      | 701 ||| Stepping ~*~*~tactically~*~*~ (stealth).
   727 | D:1      | 727 ||| Stepping ~*~*~tactically~*~*~ (stealth).
   758 | D:1      | 758 ||| Stepping ~*~*~tactically~*~*~ (water).
   760 | D:1      | Reached skill level 2 in Unarmed Combat
   885 | D:1      | 885 ||| Stepping ~*~*~tactically~*~*~ (stealth).
   886 | D:1      | 886 ||| Stepping ~*~*~tactically~*~*~ (outnumbered).
   887 | D:1      | 887 ||| Stepping ~*~*~tactically~*~*~ (outnumbered).
   888 | D:1      | 888 ||| Stepping ~*~*~tactically~*~*~ (outnumbered).
   889 | D:1      | 889 ||| Stepping ~*~*~tactically~*~*~ (outnumbered).
   894 | D:1      | 894 ||| Stepping ~*~*~tactically~*~*~ (outnumbered).
   895 | D:1      | 895 ||| Stepping ~*~*~tactically~*~*~ (outnumbered).
   896 | D:1      | 896 ||| Stepping ~*~*~tactically~*~*~ (outnumbered).
   897 | D:1      | 897 ||| Stepping ~*~*~tactically~*~*~ (outnumbered).
   905 | D:1      | Reached XP level 3. HP: 7/28 MP: 4/4
   908 | D:1      | HP: 6/28 [hobgoblin (1)]
  1423 | D:1      | Found a faded altar of an unknown god.
  1462 | D:1      | 1462 ||| Stepping ~*~*~tactically~*~*~ (stealth).
  1464 | D:1      | 1464 ||| Stepping ~*~*~tactically~*~*~ (stealth).
  1469 | D:1      | 1469 ||| Stepping ~*~*~tactically~*~*~ (stealth).
  1471 | D:1      | 1471 ||| Stepping ~*~*~tactically~*~*~ (stealth).
  1473 | D:1      | 1473 ||| Stepping ~*~*~tactically~*~*~ (stealth).
  1520 | D:1      | 1520 ||| UPGRADING to +0 helmet.
  1525 | D:1      | 1525 ||| UPGRADING to +0 chain mail.
  1535 | D:1      | 1535 ||| DROPPING +0 robe.
  1536 | D:1      | 1536 ||| UPGRADING to ring of protection from fire.
  1537 | D:1      | 1537 ||| READING scroll labelled WYRGHA EZAMY.
  1538 | D:1      | 1538 ||| READING 2 scrolls labelled LUYQOP IKOOB.
  1539 | D:1      | 1539 ||| READING scroll labelled BENEOD BE MID.
  1540 | D:1      | 1540 ||| DROPPING potion of magic.
  1558 | D:2      | Found a blossoming altar of Fedhas.
  1580 | D:2      | 1580 ||| Stepping ~*~*~tactically~*~*~ (outnumbered).
  1612 | D:2      | 1612 ||| Stepping ~*~*~tactically~*~*~ (stealth).
  1623 | D:2      | Reached skill level 3 in Unarmed Combat
  1752 | D:2      | 1752 ||| Stepping ~*~*~tactically~*~*~ (stealth).
  1783 | D:2      | Noticed Robin
  1784 | D:2      | 1784 ||| Stepping ~*~*~tactically~*~*~ (hiding).
  1791 | D:2      | Reached skill level 1 in Armour
  1801 | D:2      | HP: 7/28 [goblin/+0 dagger[Robin] (3)]
  1802 | D:2      | HP: 3/28 [hobgoblin[Robin] (4)]
  1804 | D:2      | HP: 1/28 [goblin/+0 dagger[Robin] (2)]
  1805 | D:2      | Slain by a goblin

Levels and vault maps discovered:
D:1:      lightli_arrival_isolated_outpost, layout_basic,
          shapermc_ecumenical_altar_hornbeckon, chequers_serial_rivers_small_3
D:2:      layout_loops_ring, basic_altar, minmay_tromino_v4_c, uniq_robin

Skill      XL: |  1  2  3 |
---------------+----------+-----
Unarmed Combat | 1 2 3 |  3.0
Fighting       | 1 |  1.2
Armour         | 1 |  1.0
Dodging        | |  1.7
Stealth        | |  2.1
Spellcasting   | |  1.7
Conjurations   | |  0.7
Fire Magic     | |  2.4

Action                   || total
-------------------------++-------
Melee: Unarmed           ||   156
       Punch             ||     3
Throw: Javelin           ||     2
  Use: Scroll            ||     3
 Stab: Sleeping          ||     1
Armor: Robe              ||    18
       Chain mail        ||    44
Dodge: Dodged            ||   101

Table legend:
 A = Non-vault XP
 B = Vault XP
 C = Vault XP percentage of total XP
 D = Non-vault monster count
 E = Vault monster count
 F = Vault count percentage of total count
                 A         B        C        D         E       F
            +---------+---------+-------+---------+---------+-------
      Total |      73 |       6 |   7.6 |      42 |       3 |   6.7
            +---------+---------+-------+---------+---------+-------
        D:1 |      46 |       0 |   0.0 |      27 |       0 |   0.0
        D:2 |      27 |       6 |  18.2 |      15 |       3 |  16.7
            +---------+---------+-------+---------+---------+-------
